Map: Dusk Towers

Players

LilDicky

  • Race: Zerg Zerg
  • League: Diamond

MarkTeufel - Winner!

  • Race: Zerg Zerg
  • League: Gold

VOD

http://www.twitch.tv/tumescentpie

Description

Time

  • Played on: Dec. 23, 2015, 10:14 p.m.
  • Length: 15:15
Show
View Real Time Build Order
Export as new Build Order

LilDicky Zerg 

Build Orders: Pool First 

Get SALT Encoding   

  12  0:03  Drone  
  13  0:17  Drone  
  14  0:30  Extractor  
  14  0:34  Spawning Pool  
  12  0:39  Drone  
  13  1:10  Drone  
  14  1:11  Overlord  
  14  1:29  Queen  
  16  1:34  Metabolic Boost  
  16  1:38  Zergling x6  
  19  1:57  Zergling x2  
  20  2:09  Zergling x2  
  21  2:17  Zergling x2  
  21  2:49  Overlord  
  21  2:57  Zergling x2  
  19  2:59  Zergling x2  
  18  3:21  Hatchery x2  
  16  3:27  Drone  
  16  3:28  Drone x2  
  15  4:23  Drone  
  17  4:24  Drone, Queen  
  17  4:29  Drone x2  
  21  4:33  Queen  
  21  4:34  Queen  
  21  4:36  Drone x4  
  29  4:48  Spine Crawler  
  29  4:49  Drone  
  29  4:50  Drone x2  
  29  4:51  Spine Crawler  
  30  5:00  Queen  
  30  5:01  Zergling x2  
  30  5:02  Zergling x4  
  35  5:10  Queen  
  32  5:22  Drone  
  32  5:23  Drone x4  
  32  5:36  Drone  
  32  5:37  Drone x2  
  35  5:47  Drone x3  
  35  5:48  Drone  
  39  5:53  Drone  
  40  6:14  Drone x2  
  42  6:20  Overlord  
  42  6:25  Lair  
  42  6:45  Drone  
  42  6:46  Drone x7  
  42  6:47  Overlord x2  
  50  6:52  Extractor  
  50  6:53  Extractor  
  48  6:54  Extractor  
  45  7:20  Drone  
  45  7:21  Drone x16  
  62  7:23  Spore Crawler  
  62  7:24  Spore Crawler  
  62  7:25  Spore Crawler  
  62  7:27  Spore Crawler x2  
  62  7:28  Spore Crawler  
  56  7:32  Drone  
  56  7:33  Drone x2  
  59  8:03  Hatchery  
  59  8:04  Spore Crawler  
  57  8:18  Drone  
  57  8:19  Drone x7  
  65  8:24  Overlord  
  65  8:35  Spore Crawler  
  65  8:41  Spore Crawler  
  63  8:49  Overlord  
  63  8:50  Overlord  
  62  9:07  Spire  
  61  9:37  Zergling x4  
  61  9:38  Zergling x48  
  60  10:02  Drone x7  
  60  10:03  Drone x3, Queen x4  
  58  10:13  Spine Crawler  
  57  10:15  Spine Crawler  
  48  10:24  Drone x4  
  52  10:39  Queen x4  
  58  10:52  Drone x4  
  58  10:53  Drone x6  
  56  11:14  Queen  
  56  11:15  Mutalisk  
  56  11:16  Mutalisk x4  
  60  11:44  Mutalisk x6  
  57  12:12  Overseer  
  57  12:24  Drone  
  57  12:25  Drone  
  57  12:29  Hatchery  
  58  12:33  Drone  
  58  12:34  Drone x10  
  63  13:05  Zergling x10  
  54  13:48  Queen  
  54  13:49  Hatchery  
  29  14:25  Hatchery  
Show
View Real Time Build Order
Export as new Build Order

MarkTeufel Zerg - Winner!

Build Orders: Pool First 

Get SALT Encoding   

  12  0:00  Drone  
  13  0:12  Drone  
  14  0:26  Overlord  
  14  0:27  Drone, Extractor  
  14  0:31  Extractor  
  15  0:54  Extractor  
  15  0:55  Spawning Pool  
  13  1:02  Drone x3  
  16  1:17  Extractor  
  15  1:20  Drone  
  15  1:24  Drone  
  17  1:36  Drone  
  18  1:41  Queen  
  20  1:49  Baneling Nest  
  20  1:51  Drone  
  20  2:03  Metabolic Boost  
  20  2:08  Overlord  
  20  2:10  Zergling x2  
  21  2:26  Queen, Zergling x2  
  24  2:33  Baneling x2  
  24  2:40  Zergling x4  
  25  3:10  Burrow  
  25  3:12  Hatchery, Zergling x4  
  25  3:37  Drone x3  
  25  3:38  Drone  
  25  3:40  Overlord  
  29  3:46  Baneling x3  
  26  4:16  Zergling x2  
  30  4:17  Zergling x8  
  30  4:24  Queen  
  30  4:27  Drone  
  33  4:39  Evolution Chamber  
  32  4:48  Drone  
  32  4:51  Drone x2  
  35  4:56  Baneling x2  
  30  5:37  Lair  
  30  5:39  Extractor  
  30  5:40  Drone x3, Extractor  
  31  5:45  Zerg Melee Weapons Level 1  
  31  5:58  Spine Crawler  
  31  6:02  Spine Crawler  
  29  6:08  Drone x4  
  33  6:12  Drone x4  
  33  6:13  Drone  
  33  6:16  Hatchery  
  37  6:39  Spire  
  36  6:44  Drone  
  36  6:45  Drone x2  
  36  6:46  Drone x2  
  41  6:52  Zergling x4  
  41  6:54  Zergling x2  
  44  6:55  Overlord x2  
  44  7:10  Extractor  
  44  7:11  Baneling  
  44  7:12  Baneling x3  
  44  7:14  Baneling x2  
  43  7:24  Baneling x2  
  43  7:27  Baneling  
  43  7:29  Baneling  
  43  7:37  Extractor  
  42  7:45  Zerg Melee Weapons Level 2  
  42  7:57  Zerg Flyer Weapons Level 1  
  42  8:00  Overlord x2  
  42  8:01  Overlord x2  
  42  8:02  Drone  
  42  8:03  Drone  
  44  8:06  Drone  
  44  8:08  Drone  
  44  8:10  Drone  
  44  8:11  Drone  
  48  8:14  Zergling x6  
  48  8:17  Overseer  
  51  8:21  Drone  
  51  8:23  Drone  
  51  8:24  Drone  
  51  8:25  Drone  
  56  8:27  Drone  
  56  8:28  Drone  
  55  9:04  Zergling x28  
  55  9:05  Zergling x6  
  55  9:06  Zergling x16  
  79  9:19  Baneling x2  
  79  9:22  Infestation Pit, Baneling x2  
  54  10:29  Zergling x8  
  54  10:30  Zergling x48  
  54  10:34  Hive  
  52  12:06  Zergling x40  
  52  12:07  Zergling x24  
  52  12:08  Zergling x6  
  87  12:20  Overlord x3  
  87  12:26  Adrenal Glands  
  87  12:28  Zerg Melee Weapons Level 3  
  52  13:33  Zergling x16  
  52  13:34  Zergling x32  
  68  13:35  Centrifical Hooks, Zergling x6  
  79  13:43  Zergling x8  
  71  14:19  Mutalisk x10  
  71  14:20  Mutalisk x5  
  71  14:22  Mutalisk  
  93  14:38  Mutalisk x2  
Tags
 
Add a new tag
Caveats
  • Supply blocks, unpowered buildings, or Contaminate may cause inaccurate times.
  • Supply counts are checked every 10 seconds.